 Dungeon Crawl Stone Soup version 0.24-a0-335-g06ca16a (webtiles) character file.

Game seed: 6828284526074423196

900 Borgoz the Slasher (level 8, 0/67 HPs)
             Began as a Hill Orc Gladiator on May 19, 2019.
             Slain by Prince Ribbit (7 damage)
             ... on level 5 of the Dungeon.
             The game lasted 00:06:29 (4637 turns).

Borgoz the Slasher (Hill Orc Gladiator)             Turns: 4637, Time: 00:06:30

Health: 0/67       AC: 14    Str: 17    XL:     8   Next: 7%
Magic:  8/8        EV:  9    Int:  8    God:
Gold:   214        SH:  0    Dex: 14    Spells: 7/7 levels left

rFire    . . .     SeeInvis .   a - +0 long sword
rCold    + . .     Gourm    .   (no shield)
rNeg     . . .     Faith    .   t - +2 chain mail {rC+}
rPois    .         Spirit   .   c - +0 helmet
rElec    .         Reflect  .   (no cloak)
rCorr    .         Harm     .   (no gloves)
MR       .....                  (no boots)
Stlth    ..........             (no amulet)
HPRegen  0.21/turn              s - +2 ring of protection
MPRegen  0.11/turn              (no ring)

@: confused
A: no striking features
a: no special abilities


You were on level 5 of the Dungeon.
You were not hungry.

You visited 1 branch of the dungeon, and saw 5 of its levels.
You also visited: Sewer.

You collected 214 gold pieces.

Inventory:

Hand Weapons
 a - a +0 long sword (weapon)
 b - a +0 dagger of venom
Missiles
 d - 3 throwing nets (quivered)
Armour
 c - a +0 helmet (worn)
 t - a +2 chain mail of cold resistance (worn)
Jewellery
 s - a +2 ring of protection (left hand)
Scrolls
 h - 5 scrolls of remove curse
 j - a scroll of random uselessness {unknown}
 l - 2 scrolls of magic mapping {unknown}
 m - 3 scrolls of amnesia {unknown}
 p - a scroll of enchant armour {unknown}
 u - 2 scrolls of enchant weapon {unknown}
 v - a scroll of fog {unknown}
 w - a scroll of fear {unknown}
 x - a scroll of identify
Potions
 e - 2 potions of ambrosia
 g - a potion of cancellation {unknown}
 i - 2 potions of resistance {unknown}
 k - 2 potions of magic {unknown}
 n - a potion of degeneration {unknown}
 o - 5 potions of haste
 q - a potion of flight {unknown}
 r - a potion of curing
 z - a potion of heal wounds {unknown}
Comestibles
 f - 9 rations


   Skills:
 + Level 4.8 Fighting
 * Level 6.6 Long Blades
 - Level 1.7 Throwing
 + Level 3.6 Armour
 * Level 4.9 Dodging


You had 7 spell levels left.
You didn't know any spells.
Your spell library was empty.

Dungeon Overview and Level Annotations

Branches:
Dungeon (5/15)
 Temple: D:4-7

Altars:
Elyvilon
Fedhas
Gozag
Hepliaklqana
Trog
Zin

Annotations:
D:5 Prince Ribbit


Message History

* * * LOW HITPOINT WARNING * * *
You miss Prince Ribbit.
Prince Ribbit is heavily wounded.
Prince Ribbit hits you but does no damage.
You are confused.
You feel invigorated. Prince Ribbit hits you!
* * * LOW HITPOINT WARNING * * *
You closely miss Prince Ribbit.
Prince Ribbit is heavily wounded.
Prince Ribbit hits you.
* * * LOW HITPOINT WARNING * * *
Prince Ribbit hits you but does no damage.
You completely miss Prince Ribbit.
Prince Ribbit is heavily wounded.
Prince Ribbit hits you!
* * * LOW HITPOINT WARNING * * *
Prince Ribbit hits you!
* * * LOW HITPOINT WARNING * * *
You bump into the rock wall.
Prince Ribbit hits you!
You die...

#.# ##.## #.#
#.# #.# ##[##
#.###...###.###.
#.....#.........
#####...########
##.##
######F..#####
#.....@.......#
#.####...####.#
##.## #.. ####


You could see Prince Ribbit.

Vanquished Creatures
  A phantom (D:4)
  An ogre (D:4)
  A centaur (D:5)
  A big kobold (D:4)
  A crocodile (Sewer)
  A hound (D:5)
  An orc priest (D:4)
  6 orc wizards
  A worker ant (D:5)
  A hound skeleton (D:4)
  9 adders
  2 oozes
  4 worms
  A dart slug (D:3)
  21 orcs
  7 giant cockroaches
  9 goblins
  7 hobgoblins
  7 jackals
  4 quokkas
  4 ball pythons
  14 bats
  5 frilled lizards
  14 kobolds
  16 rats
  A bush (D:4)
140 creatures vanquished.

Notes
Turn   | Place    | Note
-------+----------+-------------------------------------------
     0 | D:1      | Borgoz the Hill Orc Gladiator began the quest for the Orb.
     0 | D:1      | Reached XP level 1. HP: 18/18 MP: 1/1
   153 | D:1      | Reached XP level 2. HP: 20/25 MP: 2/2
   455 | D:1      | Reached XP level 3. HP: 30/30 MP: 3/3
   469 | D:1      | Reached skill level 1 in Armour
   691 | D:2      | Reached skill level 4 in Long Blades
   998 | D:2      | Reached XP level 4. HP: 15/38 MP: 4/4
  1203 | D:2      | Found a hazy altar of Hepliaklqana.
  1640 | D:3      | Found a glowing drain.
  1683 | Sewer    | Entered a sewer
  1878 | Sewer    | Noticed a crocodile
  1885 | Sewer    | Killed a crocodile
  1885 | Sewer    | Reached XP level 5. HP: 45/45 MP: 5/5
  2109 | D:3      | Noticed a moth of wrath
  2112 | D:3      | Found a bloodstained altar of Trog.
  2395 | D:3      | Reached skill level 5 in Long Blades
  2435 | D:3      | Reached XP level 6. HP: 43/51 MP: 6/6
  2504 | D:3      | Found a white marble altar of Elyvilon.
  3281 | D:4      | Found a blossoming altar of Fedhas.
  3384 | D:4      | Reached XP level 7. HP: 29/59 MP: 7/7
  3601 | D:4      | Found a glowing silver altar of Zin.
  3601 | D:4      | Found an opulent altar of Gozag.
  3931 | D:4      | Reached skill level 6 in Long Blades
  4101 | D:5      | Entered Level 5 of the Dungeon
  4482 | D:5      | Reached XP level 8. HP: 43/67 MP: 8/8
  4618 | D:5      | Noticed Prince Ribbit
  4637 | D:5      | Slain by Prince Ribbit

Levels and vault maps discovered:
D:1:      dpeg_arrival_subterranean_lakeside_camping, layout_basic
D:2:      kennysheep_big_flooded_room, layout_basic, overflow_temple_1_default
D:3:      layout_loops_cross, elyvilon_altar_5, tgw_trog, portal_sewer_entry_d
D:4:      layout_loops_cross, grunt_temple_overflow_gold_and_silver,
          fedhas_altar_3, dk_noncrumbling_4, lexackson_kobold_supper
D:5:      layout_loops_ring, grunt_temple_overflow_champion_of_chaos,
          first_ration, uniq_prince_ribbit1

Skill      XL: |  1  2  3  4  5  6  7 |
---------------+----------------------+-----
Armour         | 1 2 3 |  3.6
Long Blades    | 4 5 6 |  6.6
Fighting       | 3 4 |  4.8
Dodging        | 3 4 |  4.9
Throwing       | |  1.7

Action                   |  1- 3 |  4- 6 |  7- 9 || total
-------------------------+-------+-------+-------++-------
Melee: Long sword        |   119 |   214 |   195 ||   528
       Dagger            |       |    36 |       ||    36
  Use: Scroll            |       |     4 |       ||     4
       Potion            |       |     1 |     2 ||     3
 Stab: Sleeping          |     2 |       |       ||     2
  Eat: Chunk             |     1 |     8 |     4 ||    13
Armor: Leather armour    |    47 |    34 |       ||    81
       Ring mail         |       |    12 |       ||    12
       Chain mail        |       |    84 |    84 ||   168
Dodge: Dodged            |    91 |   181 |    75 ||   347
       Rpst.: Long sword |    32 |    51 |    18 ||   101

Table legend:
 A = Non-vault XP
 B = Vault XP
 C = Vault XP percentage of total XP
 D = Non-vault monster count
 E = Vault monster count
 F = Vault count percentage of total count
                 A         B        C        D         E       F
            +---------+---------+-------+---------+---------+-------
      Total |    1011 |     276 |  21.4 |     111 |      28 |  20.1
            +---------+---------+-------+---------+---------+-------
        D:1 |      45 |       8 |  15.1 |      27 |       6 |  18.2
        D:2 |      53 |      15 |  22.1 |      19 |       2 |   9.5
        D:3 |     196 |      30 |  13.3 |      37 |       6 |  14.0
        D:4 |     389 |     116 |  23.0 |      16 |       8 |  33.3
        D:5 |     328 |       0 |   0.0 |      12 |       0 |   0.0
      Sewer |       0 |     107 | 100.0 |       0 |       6 | 100.0
            +---------+---------+-------+---------+---------+-------
